 Dungeon Crawl Stone Soup version 0.30-a0-1082-g70414cbcbb (webtiles) character file.

Game seed: 2243088816470506848

70 Gynju the Vexing (level 4, -1/32 HPs)
             Began as a Barachi Hexslinger on Apr 15, 2023.
             Slain by a black bear (3 damage)
             ... on level 3 of the Dungeon.
             The game lasted 00:05:40 (1865 turns).

Gynju the Vexing (Barachi Hexslinger)               Turns: 1865, Time: 00:05:41

Health: -1/32      AC:  2    Str: 11    XL:     4   Next: 22%
Magic:  7/7        EV: 12    Int: 14    God:
Gold:   97         SH:  0    Dex: 14    Spells: 3/7 levels left

rFire   . . .      SeeInvis .    a - +1 sling
rCold   + . .      Faith    .    (no shield)
rNeg    . . .      Spirit   .    c - +0 robe
rPois   .          Reflect  .    (no helmet)
rElec   .          Rampage  .    (no cloak)
rCorr   .                        (no gloves)
Will    .....                    (no boots)
Stlth   +                        (no amulet)
HPRegen 0.25/turn                g - ring of protection from cold
MPRegen 0.10/turn                (no ring)

@: unable to hop, slow
A: amphibious, slowness 1, strong legs 1, +LOS
a: Hop


You were on level 3 of the Dungeon.
You visited 1 branch of the dungeon, and saw 3 of its levels.

You collected 97 gold pieces.

Inventory:

Hand Weapons
 a - a +1 sling (weapon)
 f - a +1 whip of draining
Missiles
 k - 6 datura-tipped darts
Armour
 c - a +0 robe (worn)
Jewellery
 g - a ring of protection from cold (left hand)
Scrolls
 b - a scroll of poison
 e - a scroll of brand weapon {unknown}
 h - 2 scrolls of teleportation
 j - 2 scrolls of immolation
 l - a scroll of silence {unknown}
Potions
 d - 5 potions of brilliance
 i - 2 potions of invisibility
 m - a potion of heal wounds


   Skills:
 - Level 1.2 Fighting
 + Level 2.9 Ranged Weapons
 - Level 2.1 Dodging
 + Level 2.4 Spellcasting
 + Level 4.1 Hexes
 + Level 0.0 Translocations


You had 3 spell levels left.
You knew the following spells:

 Your Spells              Type           Power      Damage    Failure   Level
a - Slow                  Hex            52%        N/A       4%          1
b - Portal Projectile     Hex/Tloc       14%        N/A       28%         3

Your spell library contained the following spells:

 Spells                   Type           Power      Damage    Failure   Level
 Inner Flame              Hex/Fire       7%         N/A       28%         3
 Frozen Ramparts          Ice            2%         1d1       56%         3
 Cause Fear               Hex            6%         N/A       38%         4
 Ice Form                 Ice/Tmut       1%         N/A       92%         4
 Summon Ice Beast         Ice/Summ       1%         N/A       92%         4


Dungeon Overview and Level Annotations

Branches:
Dungeon (3/15)

Altars:
Hepliaklqana


Innate Abilities, Weirdness & Mutations

You are amphibious.
You cover ground slowly.
You can hop short distances.
You have an extended range of vision and can be seen from far away.


Message History

The black bear closely misses you. The black bear barely misses you.
The black bear claws you but does no damage.
The black bear misses you. The black bear claws you. x2
Casting: Slow (safe; 4% risk of failure)
Confirm with . or Enter, or press ? or * to list all spells.
Aiming: Slow (safe; 4% risk of failure)
Press: ? - help, Shift-Dir - straight line, f/p - black bear
Aim: a black bear (chance to affect: 47%)
The black bear resists with some effort.
The black bear bites you. The black bear claws you.
* * * LOW HITPOINT WARNING * * *
The black bear barely misses you.
The black bear attacks as you move away!
The black bear bites you.
* * * LOW HITPOINT WARNING * * *
The black bear barely misses you. x2; The black bear closely misses you.
The black bear claws you but does no damage.
The black bear barely misses you.
The black bear attacks as you move away!
The black bear closely misses you. x2; The black bear claws you.
* * * LOW HITPOINT WARNING * * *
The black bear attacks as you move away!
The black bear bites you but does no damage.
The black bear closely misses you. The black bear barely misses you.
Hop to where?
Press: ? - help, Dir - move target, p - black bear Boing!
A giant cockroach comes into view.
There is an open door here.
The giant cockroach bites you.
* * * LOW HITPOINT WARNING * * *
You see here a +0 spear.
The giant cockroach bites you.
* * * LOW HITPOINT WARNING * * *
The giant cockroach attacks as you move away!
The giant cockroach closely misses you. The black bear bites you.
* * * LOW HITPOINT WARNING * * *
The black bear barely misses you. The black bear claws you.
You die...

#.....# ##.##.#
#.....# #.....
#...).# #.....#
#.(...# #.#####
##.....# #. #
#......# #. #
####.###### .. #
#....##### # #
#.####..@##### #
#####.#.....h....#
#
#...#.#......B...#
#
#.#.#h#....).....#
#
#.#.#.#..........#
#.....#..........#
###.###..........#
#...'..........#
#####..........+


You could see a black bear and a giant cockroach.

Vanquished Creatures
  3 adders
  A dart slug (D:2)
  5 bats
  7 endoplasms
  3 giant cockroaches
  4 goblins
  2 hobgoblins
  5 kobolds
  2 quokkas (D:1)
  2 ball pythons (D:1)
  3 frilled lizards
  4 rats
41 creatures vanquished.

Notes
Turn   | Place    | Note
-------+----------+-------------------------------------------
     0 | D:1      | Gynju the Barachi Hexslinger began the quest for the Orb.
     0 | D:1      | Reached XP level 1. HP: 15/15 MP: 2/2
   174 | D:1      | Reached XP level 2. HP: 21/21 MP: 4/4
   282 | D:1      | Found a faded altar of an unknown god.
   892 | D:2      | Reached XP level 3. HP: 26/26 MP: 5/5
  1072 | D:2      | Found a hazy altar of Hepliaklqana.
  1365 | D:2      | Reached skill level 4 in Hexes
  1621 | D:3      | Reached XP level 4. HP: 32/32 MP: 7/7
  1735 | D:3      | Learned a level 3 spell: Portal Projectile
  1785 | D:3      | Noticed a black bear
  1865 | D:3      | Slain by a black bear

Illustrated notes

Levels and vault maps discovered:
D:1:      dpeg_arrival_arbitrary_b, layout_basic,
          hellmonk_ecumenical_altar_blasted
D:2:      layout_rooms, basic_altar, chequers_serial_rivers_small_b,
          nicolae_eternal_life
D:3:      layout_basic

Skill      XL: |  1  2  3 |
---------------+----------+-----
Spellcasting   | 2 |  2.4
Hexes          | 4 |  4.1
Fighting       | |  1.2
Ranged Weapons | |  2.9
Dodging        | |  2.1

Action                     |  1- 3 |  4- 6 || total
---------------------------+-------+-------++-------
   Fire: Sling             |   120 |    19 ||   139
   Cast: Slow              |     8 |     6 ||    14
Ability: Hop               |     3 |     1 ||     4
    Use: Scroll            |     6 |       ||     6
 Armour: Robe              |     7 |     4 ||    11
  Dodge: Dodged            |    30 |    30 ||    60

Table legend: (Time is in decaauts)
 A = Elapsed time spent in this place.
 B = Non-inter-level travel time spent in this place.
 C = Inter-level travel time spent in this place.
 D = Time resting spent in this place.
 E = Time spent auto-exploring this place.
 F = Levels seen in this place.
 G = Mean time per level.
                   A        B        C        D        E       F      G
               +--------+--------+--------+--------+--------+-----+--------+
         Total |   2186 |   2065 |    121 |     75 |   1585 |   3 |  728.7 |
       Dungeon |   2186 |   2065 |    121 |     75 |   1585 |   3 |  728.7 |
               +--------+--------+--------+--------+--------+-----+--------+

Top non-repeatable levels by time:
     D:1: 1022 daAuts
     D:2: 833 daAuts
     D:3: 330 daAuts
